 Dungeon Crawl Stone Soup version 0.18-a0-5-gf1fb587 (webtiles) character file.

579 Raultor the Shield-Bearer (level 7, -7/41 HPs)
             Began as a Gargoyle Fighter on Oct 31, 2015.
             Killed by nerve-wracking pain
             ... invoked by Menkaure
              (14 damage)
             ... on level 4 of the Dungeon.
             The game lasted 00:13:02 (3569 turns).

Raultor the Shield-Bearer (Gargoyle Fighter)        Turns: 3569, Time: 00:13:03

Health: -7/41      AC: 15    Str: 21    XL:     7   Next: 36%
Magic:  16/16      EV:  8    Int: 12    God:
Gold:   336        SH:  0    Dex:  9    Spells: 0 memorised, 6 levels left

rFire  . . .     SeeInvis .     G - +2 whip (flame)
rCold  . . .     Clarity  .     b - +0 scale mail
rNeg   + . .     SustAt   .     c - +0 shield
rPois  ∞         Gourm    .     E - +2 helmet {Int+3}
rElec  +         Spirit   .     (no cloak)
rCorr  .         Warding  .     (no gloves)
rMut   .         Stasis   .     (no boots)
MR     .....                    r - amulet of rage
Stlth  ..........               H - ring of magical power
                                u - ring of stealth

@: confused, not resistant to hostile enchantments, extremely unstealthy
A: negative energy resistance 1, electricity resistance, unbreathing,
petrification resistance, rot immunity, AC +4
a: Evoke Berserk Rage


You were on level 4 of the Dungeon.
You were not hungry.

You visited 2 branches of the dungeon, and saw 5 of its levels.

You collected 336 gold pieces.

Inventory:

Hand Weapons
 a - a +0 flail
 p - a +3 hand axe of chopping
 G - a +2 whip of flaming (weapon)
Missiles
 w - a throwing net (quivered)
Armour
 b - a +0 scale mail (worn)
 c - a +0 shield (worn)
 m - a +0 helmet
 E - a +2 helmet of intelligence (worn)
Jewellery
 r - an amulet of rage (around neck)
 u - a ring of stealth (left hand)
 H - a ring of magical power (right hand)
Wands
 q - a wand of digging (10)
 K - a wand of disintegration (12)
Scrolls
 g - a scroll of recharging {unknown}
 h - 2 scrolls of magic mapping {unknown}
 i - 3 scrolls of remove curse {unknown}
 l - a scroll of fear {unknown}
 n - a scroll of blinking {unknown}
 o - a scroll of identify {unknown}
 t - 2 scrolls of teleportation {unknown}
 v - 2 scrolls of enchant weapon {unknown}
 x - a scroll of fog {unknown}
 y - a scroll of amnesia {unknown}
 z - 3 scrolls of random uselessness {unknown}
 L - a scroll of enchant armour {unknown}
Potions
 d - a potion of might
 j - a potion of agility {unknown}
 k - 4 potions of heal wounds {unknown}
 s - a potion of cancellation {unknown}
 A - a potion of resistance {unknown}
 B - a potion of flight {unknown}
 C - 2 potions of brilliance {unknown}
 D - a potion of magic {unknown}
 F - a potion of curing {unknown}
 M - a potion of cure mutation {unknown}
Comestibles
 e - 5 bread rations
 J - 2 fruits


   Skills:
 - Level 3.2 Fighting
 * Level 5.2 Maces & Flails
 - Level 0.1 Throwing
 + Level 4.9 Armour
 - Level 2.0 Dodging
 + Level 5.4 Shields


You had 6 spell levels left.
You didn't know any spells.

Dungeon Overview and Level Annotations

Branches:
Dungeon (4/15)             Temple (1/1) D:4

Altars:
Elyvilon
Makhleb
Qazlal
Ru
Sif Muna
Trog
Xom
Yredelemnul
Zin

Annotations:
D:4 Edmund, Menkaure


Innate Abilities, Weirdness & Mutations

You are resistant to torment.
Your stone body is resilient (AC +4).
You are immune to poison.
You resist negative energy.
You are resistant to electric shocks.
You can survive without breathing.
You are immune to petrification.
You are immune to rotting.


Message History

You are too confused!
You are too confused!
You are too confused!
You are too confused!
You are too confused!
Edmund zaps a wand.
You are more confused.
Menkaure barely misses you.
There is a stone staircase leading up here.
Edmund clears his throat.
Menkaure hits you but does no damage. Menkaure barely misses you.
Edmund zaps a wand.
You are more confused.
Menkaure hits you!
* * * LOW HITPOINT WARNING * * *
Menkaure hits you.
* * * LOW HITPOINT WARNING * * *
Menkaure points at you and mumbles some strange words.
Pain shoots through your body!
You die...

.# #...# .# #...# .#
#####...# .###
##....)..#
...#######..###...#
.......>...## #.#.##
.....####.## #.#..###
.......##..####....>.#
.##.##.###......@@...#
..#.....######...M<..#
#.####..# ###.......#
#÷# #..####.....#.###
#.####...##...(....##
....##.#..(...((....#
#.#.##..##...(....#.#
#.#...#..###.(...##=#
#.###..#.#######.....


You could see Edmund and Menkaure.

Vanquished Creatures
  The ghost of glosham the Insei, an amateur DgMo (D:4)
  The ghost of Raultor the Shooter, a weakling HEAM (D:3)
  A vampire bat (D:3)
  An orc priest (D:3)
  An orc wizard (D:2)
  A worker ant (D:4)
  2 adders (D:2)
  4 gnolls
  An ooze (D:1)
  3 worms (D:2)
  3 giant geckos
  8 orcs
  2 spectral bats (D:3)
  A bat simulacrum (D:3)
  3 bat skeletons (D:3)
  A bat zombie (D:3)
  3 fire bats (D:3)
  6 hobgoblins
  4 jackals
  15 bats
  A giant cockroach (D:3)
  A giant newt (D:1)
  7 goblins
  9 kobolds
  8 rats
88 creatures vanquished.

Notes
Turn   | Place    | Note
--------------------------------------------------------------
     0 | D:1      | Raultor the Gargoyle Fighter began the quest for the Orb.
     0 | D:1      | Reached XP level 1. HP: 14/14 MP: 1/1
   326 | D:1      | Reached XP level 2. HP: 19/19 MP: 2/2
   851 | D:2      | Reached XP level 3. HP: 16/23 MP: 3/3
  1157 | D:2      | Reached XP level 4. HP: 28/28 MP: 4/4
  1237 | D:2      | Found a deep blue altar of Sif Muna.
  1669 | D:2      | Reached skill level 4 in Armour
  1936 | D:3      | Noticed Raultor's ghost (weakling HEAM)
  1948 | D:3      | Killed Raultor's ghost
  1948 | D:3      | Reached skill level 1 in Dodging
  1948 | D:3      | Reached XP level 5. HP: 17/32 MP: 5/5
  2616 | D:3      | Reached XP level 6. HP: 37/37 MP: 6/6
  3015 | D:4      | Found a staircase to the Ecumenical Temple.
  3032 | Temple   | Entered the Ecumenical Temple
  3124 | D:4      | Reached skill level 5 in Shields
  3323 | D:4      | Noticed glosham's ghost (amateur DgMo)
  3356 | D:4      | Killed glosham's ghost
  3356 | D:4      | Reached skill level 5 in Maces & Flails
  3356 | D:4      | Reached XP level 7. HP: 16/41 MP: 7/7
  3362 | D:4      | Noticed Menkaure
  3552 | D:4      | Noticed Edmund
  3569 | D:4      | Killed from afar by Menkaure

Vault maps used:
D:1:      saegor_arrival_simple_c, hex_tiny
D:2:      led_sif_pool, first_bread
D:3:      goddamned_bats
D:4:      uniq_menkaure, uniq_edmund
Temple:   minmay_temple_bridge_a_8

Action                   |  1- 3 |  4- 6 |  7- 9 || total
-------------------------+-------+-------+-------++-------
Melee: Flail             |   103 |   182 |       ||   285
       Whip              |       |    68 |    10 ||    78
Throw: Tomahawk          |       |     7 |     3 ||    10
  Eat: Chunk             |     1 |     7 |     1 ||     9
